 Dungeon Crawl Stone Soup version 0.14.1 (webtiles) character file.

380 Quh the Distorting Demonspawn (level 5, 0/41 HPs)
             Began as a Demonspawn Abyssal Knight on Apr 30, 2014.
             Was a Believer of Lugonu.
             Slain by a wight
             ... wielding a cursed +3,+2 halberd
              (6 damage)
             ... on Level 4 of the Dungeon.
             The game lasted 00:17:58 (4040 turns).

Quh the Distorting Demonspawn (DsAK)                Turns: 4040, Time: 00:17:59

HP   0/41        AC  5     Str 14      XL: 5   Next: 92%
MP  10/10        EV 10     Int 13      God: Lugonu [**....]
Gold 124         SH  0     Dex 12      Spells:  0 memorised,  4 levels left

rFire  . . .     SeeInvis .     a - +1 spear
rCold  . . .     Clarity  .     v - +0 leather armour
rNeg   . . .     Conserve .     (no shield)
rPois  .         rCorr    .     (helmet restricted)
rElec  .         rRot     .     (no cloak)
SustAb . .       Spirit   .     (no gloves)
rMut   .         Warding  .     (no boots)
Saprov . . .     Stasis   .     (no amulet)
MR     .....                    (no ring)
                                (no ring)

@: drained, not resistant to hostile enchantments, very unstealthy
A: horns 1, slimy green scales 1, spiny 1
a: Depart the Abyss, Bend Space, Renounce Religion


You were on level 4 of the Dungeon.
You worshipped Lugonu.
Lugonu was pleased with you.
You were not hungry.

You visited 1 branch of the dungeon, and saw 4 of its levels.
You visited the Abyss 1 time.

You collected 124 gold pieces.

Inventory:

Hand weapons
 a - a +1,+1 spear (weapon)
 b - a +0,+0 crossbow
Missiles
 g - 14 arrows
 j - 5 darts (quivered)
 t - 8 exploding darts
 B - 21 arrows of flame
 D - 31 bolts
Armour
 i - a +0 ring mail
 r - a +0 leather armour
 v - a +0 leather armour (worn)
Magical devices
 k - a wand of fireball (2) {unknown}
Comestibles
 c - 3 bread rations
 l - 2 rotting chunks of orc flesh
 s - a rotting chunk of hobgoblin flesh
Scrolls
 d - 6 scrolls of identify
 f - a scroll of magic mapping {unknown}
 h - a scroll of recharging {unknown}
 m - 6 scrolls of remove curse
 n - a scroll of noise {unknown}
 p - a scroll of immolation {unknown}
 q - 3 scrolls of teleportation {unknown}
 x - 2 scrolls of fear {unknown}
Jewellery
 e - a +2 ring of intelligence
Potions
 o - 2 potions of heal wounds
 w - a potion of might
 z - 2 potions of agility
 C - a potion of curing {unknown}


   Skills:
 - Level 3.0(2.6) Fighting
 * Level 4.2(3.8) Polearms
 - Level 1.7(1.3) Armour
 - Level 0.8(0.4) Dodging
 * Level 5.9(5.5) Invocations


You had 4 spell levels left.
You didn't know any spells.

Dungeon Overview and Level Annotations

Branches:
Dungeon (4/15)
 Temple: D:4-7

Altars:
Ashenzari


Innate Abilities, Weirdness & Mutations

You have a pair of small horns on your head.
You are partially covered in slimy green scales (AC +2).
You are partially covered in sharp spines.


Message History

You destroy the wight!
Lugonu accepts your kill.
Things that are here:
a mace; a robe You start resting.
You smell something rotten. (slot s)
You start resting.
The wight hits you with a halberd!
You barely miss the wight. The wight closely misses you.
You hit the wight but do no damage. You hit the wight.
The wight is lightly damaged.
The wight hits you with a halberd!
You hit the wight.
You headbutt the wight, but do no damage.
The wight is moderately damaged.
The wight hits you with a halberd!
* * * LOW HITPOINT WARNING * * *
You feel drained.
You die...

#.# #.#...# #.# #.#...#
#.# #.#...##########
#.# #.#.............
#.# #.#....#########
#.###.#....#########
#...#.##...)........
###.#)####.############
#)#.....@z...........
#.#..................
#.#######.##########
#.# #.# #.# #.# #.# #.#
#.# #.# #.# #.# #.# #.#


You could see a wight.

Vanquished Creatures
  A sky beast (D:3)
  A wight (D:4)
  Ijyb (D:2)
  2 adders
  A worm (D:3)
  An adder skeleton (D:4)
  5 oozes
  3 orcs
  5 bats
  6 giant cockroaches
  9 goblins
  14 hobgoblins
  4 jackals (D:2)
  A quokka (D:3)
  9 kobolds
  11 rats
74 creatures vanquished.

Notes
Turn   | Place    | Note
--------------------------------------------------------------
     0 | Abyss:1  | Quh, the Demonspawn Abyssal Knight, began the quest for the Orb.
     0 | Abyss:1  | Reached XP level 1. HP: 18/18 MP: 1/1
     1 | Abyss:1  | Found a corrupted altar of Lugonu.
    42 | Abyss:1  | Noticed a brain worm
    44 | D:1      | Escaped the Abyss
   370 | D:1      | Acquired Lugonu's first power
   395 | D:1      | Gained mutation: You are partially covered in sharp spines. [demonic ancestry]
   395 | D:1      | Reached XP level 2. HP: 13/24 MP: 1/3
   538 | D:1      | Found a shattered altar of Ashenzari.
  1104 | D:1      | Gained mutation: You are partially covered in slimy green scales (AC +2). [demonic ancestry]
  1104 | D:1      | Reached XP level 3. HP: 10/29 MP: 5/5
  1476 | D:2      | Acquired Lugonu's second power
  1821 | D:2      | Noticed Ijyb
  1852 | D:2      | Killed Ijyb
  1852 | D:2      | Reached skill level 4 in Invocations
  1852 | D:2      | Gained mutation: You have a pair of small horns on your head. [demonic ancestry]
  1852 | D:2      | Reached XP level 4. HP: 21/35 MP: 7/7
  2542 | D:3      | Noticed a sky beast
  2555 | D:3      | Killed a sky beast
  2555 | D:3      | Reached skill level 5 in Invocations
  2555 | D:3      | Reached XP level 5. HP: 33/41 MP: 7/9
  4040 | D:4      | Slain by a wight

Action                   |  1- 3 |  4- 6 || total
-------------------------+-------+-------++-------
Melee: Spear             |   180 |   124 ||   304
 Fire: Crossbow          |       |     2 ||     2
Throw: Dart              |     6 |     3 ||     9
Invok: Depart the Abyss  |     1 |       ||     1
  Use: Scroll            |     3 |     1 ||     4
